 Dungeon Crawl Stone Soup version 0.31-a0-1447-g87ca8d402b (webtiles) character file.

Game seed: 18346708469820909919

11 kae the Vexing (level 2, -1/20 HPs)
             Began as a Demonspawn Enchanter on Dec 27, 2023.
             Slain by a quokka (4 damage)
             ... on level 1 of the Dungeon.
             The game lasted 00:00:16 (176 turns).

kae the Vexing (Demonspawn Enchanter)                Turns: 176, Time: 00:00:17

Health: -1/20      AC:  2    Str:  5 (8)  XL:     2   Next: 17%
Magic:  5/5        EV: 12    Int: 14 (15) God:
Gold:   0          SH:  0    Dex: 12 (13) Spells: 5/5 levels left

rFire   . . .        a - +1 dagger
rCold   . . .        (no shield)
rNeg    . . .        b - +0 robe
rPois   .            (no helmet)
rElec   .            (no cloak)
rCorr   .            (no gloves)
SInv    .            (no boots)
Will    .....        (no amulet)
Stlth   ++           (no ring)
HPRegen 0.23/turn    (no ring)
MPRegen 0.09/turn

%: no passive effects
@: no status effects
A: weakness stinger 1
a: no special abilities


You were on level 1 of the Dungeon.
You visited 1 branch of the dungeon, and saw 1 of its levels.


Innate Abilities, Weirdness & Mutations

You have a small tail.


   Skills:
 + Level 0.4 Fighting
 * Level 1.2 Short Blades
 - Level 1.7 Dodging
 * Level 2.9 Stealth
 + Level 2.1 Spellcasting
 + Level 3.0 Hexes


You had 5 spell levels left.
You didn't know any spells.
Your spell library contained the following spells:

 Spells                   Type           Power      Damage    Failure   Level
 Ensorcelled Hibernation  Hex/Ice        10%        N/A       19%         2
 Confusing Touch          Hex            10%        N/A       21%         3
 Tukima's Dance           Hex            10%        N/A       21%         3
 Dazzling Flash           Conj/Hex       10%        N/A       36%         3
 Passwall                 Erth           1%         N/A       56%         3
 Swiftness                Air            1%         N/A       56%         3

Inventory:

Hand Weapons
 a - a +1 dagger (weapon)
Missiles
 e - 2 stones
Armour
 b - a +0 robe (worn)
Scrolls
 f - a scroll of enchant weapon {unknown}
Potions
 c - 2 potions of invisibility

Dungeon Overview and Level Annotations

Branches:
Dungeon (1/15) Zot: 5825

Altars:

####....# #...#...#
#.#.#... . #...#.##
.# ##### #......#
...
#...###......##....
#...##..?.......#
#............##+#+#
#.@.###.##.##......
#r##.......##......
#KK##......###......
.....+......#
+......
....####......#
#.....† ......
##.#.... #....).
..>b..
.+.....###..). .....
#.... ..... #####


You could see a quokka, a bat (wandering) and 2 kobolds.


Message History

You hit the giant cockroach. The giant cockroach barely misses you.
There are monsters nearby!
You hit the giant cockroach but do no damage.
The giant cockroach bites you.
You closely miss the giant cockroach.
The kobold shouts!
You hear a shout!
The giant cockroach closely misses you.
A giant cockroach is nearby! 😕 HP[-2]
You take 2 damage, and now have 10/13 hp.
You closely miss the giant cockroach. The giant cockroach closely misses you.
An endoplasm comes into view.
You closely miss the giant cockroach.
The endoplasm quivers.
The giant cockroach misses you. 😕 HP[+1]
There are monsters nearby!
You closely miss the giant cockroach. The giant cockroach bites you.
You hit the giant cockroach. The giant cockroach barely misses you.
The giant cockroach bites you but does no damage. 😕 HP[-1]
You take 1 damage, and now have 10/13 hp.
There are monsters nearby!
You closely miss the giant cockroach.
A goblin comes into view. It is wielding a +0 dagger.
The giant cockroach barely misses you.
You hit the giant cockroach.
You kill the giant cockroach!
The kobold throws a stone.
The stone barely misses you.
You have reached level 2!
Your demonic ancestry asserts itself...
You grow a small tail. 😕 HP[+6] MP[+2]
You now have 19 max hp (+6).
You regained 6 hp, and now have 16/19 hp.
Your mp is fully restored (5).
You hit the endoplasm. You tail-slap the endoplasm.
You kill the endoplasm!
A quokka comes into view.
The kobold throws a stone.
The stone hits you.
A kobold comes into view. It is wielding a +0 short sword.
The kobold shouts!
The goblin barely misses you. The kobold misses you. 😮 HP[-1]
You now have 20 max hp (+1).
You hit the goblin.
You kill the goblin!
The kobold hits you but does no damage.
You barely miss the kobold. The kobold hits you with a +0 club.
You barely miss the kobold.
You tail-slap the kobold, but do no damage.
The kobold barely misses you.
A hobgoblin comes into view.
You miss the quokka.
The hobgoblin shouts!
Your tail-slap misses the quokka.
The quokka misses you.
The kobold hits you with a +0 club. 😮 HP[-4]
You take 4 damage, and now have 11/20 hp.
You are too injured to fight recklessly!
You are too injured to fight recklessly!
You are too injured to fight recklessly!
You are too injured to fight recklessly!
Unknown command.
You completely miss the quokka. The quokka bites you.
* * * LOW HITPOINT WARNING * * *
The quokka bites you.
* * * LOW HITPOINT WARNING * * *
😱 HP[-7]
You take 7 damage, and now have 4/20 hp.
MASSIVE DAMAGE!! (PAUSE)
You barely miss the quokka. You tail-slap the quokka.
The quokka closely misses you.
You hit the quokka but do no damage. The quokka misses you.
You barely miss the quokka.
You tail-slap the quokka, but do no damage.
The quokka bites you.
* * * LOW HITPOINT WARNING * * *
😱 HP[-2]
You take 2 damage, and now have 2/20 hp.
You barely miss the quokka. The quokka completely misses you.
You miss the quokka. The quokka misses you. 😱 HP[+1]
You hit the quokka but do no damage. You tail-slap the quokka.
The quokka misses you.
It was a potion of degeneration.
There was something very wrong with that liquid.
You feel weakened.
You feel dopey.
You feel clumsy.
The quokka bites you but does no damage.
You closely miss the quokka. The quokka barely misses you.
You barely miss the quokka.
You tail-slap the quokka, but do no damage.
The quokka bites you.
* * * LOW HITPOINT WARNING * * *
The quokka closely misses you.
You hit the quokka.
A bat comes into view.
The quokka misses you.
You closely miss the quokka. The quokka bites you.
You die...

Skill      XL: |  1 |
---------------+----+-----
Short Blades   | 1 |  1.2
Fighting       | |  0.4
Dodging        | |  1.7
Stealth        | |  2.9
Spellcasting   | |  2.1
Hexes          | |  3.0

Action                     || total
---------------------------++-------
  Melee: Dagger            ||    59
         Punch             ||     1
         Tailslap          ||     6
    Use: Potion            ||     1
 Armour: Robe              ||    27
  Dodge: Dodged            ||    40

Levels and vault maps discovered:
D:1:      ncdulo_smallfort, layout_basic

Notes
Turn   | Place    | Note
-------+----------+-------------------------------------------
     0 | D:1      | kae the Demonspawn Enchanter began the quest for the Orb.
     0 | D:1      | Reached XP level 1. HP: 13/13 MP: 3/3
     0 | D:1      | magus.rc [v1.11.3]
    49 | D:1      | Reached skill level 1 in Short Blades
   126 | D:1      | You pick up a book of Burglary and begin reading...
   126 | D:1      | You add the spells Swiftness and Passwall to your library.
   157 | D:1      | Gained mutation: You have a small tail. [demonic ancestry]
   157 | D:1      | Reached XP level 2. HP: 16/19 MP: 5/5
   165 | D:1      | HP: 4/20 [quokka (3)]
   174 | D:1      | HP: 3/20 [quokka (1)]
   176 | D:1      | Slain by a quokka

Vanquished Creatures
  2 endoplasms (D:1)
  A giant cockroach (D:1)
  2 goblins (D:1)
  A hobgoblin (D:1)
  A kobold (D:1)
  A quokka (D:1)
  A rat (D:1)
9 creatures vanquished.

Table legend:
 A = Non-vault XP
 B = Vault XP
 C = Vault XP percentage of total XP
 D = Non-vault monster count
 E = Vault monster count
 F = Vault count percentage of total count
                 A         B        C        D         E       F
            +---------+---------+-------+---------+---------+-------
      Total |      17 |       0 |   0.0 |       9 |       0 |   0.0
            +---------+---------+-------+---------+---------+-------
        D:1 |      17 |       0 |   0.0 |       9 |       0 |   0.0
            +---------+---------+-------+---------+---------+-------

Skill      XL: |  1 |
---------------+----+-----
Short Blades   | 1 |  1.2
Fighting       | |  0.4
Dodging        | |  1.7
Stealth        | |  2.9
Spellcasting   | |  2.1
Hexes          | |  3.0

Action                     || total
---------------------------++-------
  Melee: Dagger            ||    59
         Punch             ||     1
         Tailslap          ||     6
    Use: Potion            ||     1
 Armour: Robe              ||    27
  Dodge: Dodged            ||    40

Illustrated notes

Table legend:
 A = Kills in this place as a percentage of kills in the entire game.
 B = Kills by you in this place as a percentage of kills by you in the entire game.
 C = Kills by friends in this place as a percentage of kills by friends in the entire game.
 D = Other kills in this place as a percentage of other kills in the entire game.
 E = Experience gained in this place as a percentage of experience gained in the entire game.
 F = Experience gained in this place divided by the number of levels of this place that you have seen.
                   A       B       C       D       E      F
               +-------+-------+-------+-------+-------+----------------------
         Total | 100.0 | 100.0 |   N/A |   N/A | 100.0 |  17.0
       Dungeon | 100.0 | 100.0 |   N/A |   N/A | 100.0 |  17.0
               +-------+-------+-------+-------+-------+----------------------

Table legend: (Time is in decaauts)
 A = Elapsed time spent in this place.
 B = Non-inter-level travel time spent in this place.
 C = Inter-level travel time spent in this place.
 D = Time resting spent in this place.
 E = Time spent auto-exploring this place.
 F = Levels seen in this place.
 G = Mean time per level.
                   A        B        C        D        E       F      G
               +--------+--------+--------+--------+--------+-----+--------+
         Total |    173 |    173 |      0 |      0 |     91 |   1 |  173.0 |
       Dungeon |    173 |    173 |      0 |      0 |     91 |   1 |  173.0 |
               +--------+--------+--------+--------+--------+-----+--------+

Top non-repeatable levels by time:
     D:1: 173 daAuts
